 Dungeon Crawl Stone Soup version 0.28.0-43-g3370ac3207 (webtiles) character file.

Game seed: 15294006773303769208

116 styxcanada the Covert (level 4, -1/22 (23) HPs)
             Began as a Spriggan Brigand on Mar 8, 2022.
             Slain by a wight
             ... wielding a +2 hand axe of flaming
              (4 damage)
             ... on level 3 of the Dungeon.
             The game lasted 00:08:20 (2031 turns).

styxcanada the Covert (Spriggan Brigand)            Turns: 2031, Time: 00:08:21

HP:   -1/22 (23)    AC:  5    Str:  7    XL:     4   Next: 69%
MP:   5/5           EV: 17    Int: 12    God:
Gold: 130           SH:  0    Dex: 18    Spells: 3/3 levels left

rFire   . . .      SeeInvis +   a - +2 dagger
rCold   + . .      Faith    .   (no shield)
rNeg    . . .      Spirit   .   o - +2 robe {rC+}
rPois   .          Reflect  .   (helmet restricted)
rElec   .          Harm     .   c - +0 cloak
rCorr   .          Rampage  .   (gloves unavailable)
Will    .....                   (boots unavailable)
Stlth   ++++......              l - amulet of regeneration
HPRegen 0.87/turn               (no ring)
MPRegen 0.09/turn               (no ring)

@: lightly drained, very quick
A: very small, no large weapons, unfitting armour, see invisible, speed 3
a: no special abilities


You were on level 3 of the Dungeon.
You visited 1 branch of the dungeon, and saw 3 of its levels.

You collected 130 gold pieces.

Inventory:

Hand Weapons
 a - a +2 dagger (weapon)
Missiles
 d - 3 poisoned darts (quivered)
 e - 2 curare-tipped darts
 n - 41 stones
 p - 15 sling bullets
Armour
 c - a +0 cloak (worn)
 o - a +2 robe of cold resistance (worn)
Jewellery
 l - an amulet of regeneration (around neck)
Scrolls
 f - a scroll of vulnerability {unknown}
 g - 6 scrolls of identify {unknown}
 h - 3 scrolls of teleportation {unknown}
 k - a scroll of fear {unknown}
 m - a scroll of amnesia {unknown}
Potions
 b - a potion of heal wounds {unknown}
 i - a potion of haste {unknown}
 j - a potion of brilliance {unknown}
 q - a potion of flight {unknown}


   Skills:
 * Level 1.9 Fighting
 + Level 2.6 Short Blades
 + Level 2.3 Throwing
 * Level 2.2 Dodging
 * Level 8.3 Stealth


You had 3 spell levels left.
You didn't know any spells.
Your spell library contained the following spells:

 Spells                   Type           Power      Damage    Failure   Level
 Freeze                   Ice            0%         1d3       32%         1
 Sting                    Tmut/Pois      0%         1d3       32%         1
 Poisonous Vapours        Pois/Air       0%         N/A       45%         2
 Frozen Ramparts          Ice            0%         1d2       69%         3
 Hailstorm                Conj/Ice       0%         3d3       97%         4
 Olgreb's Toxic Radiance  Pois           0%         N/A       97%         4


Dungeon Overview and Level Annotations

Branches:
Dungeon (3/15)

Altars:
Nemelex Xobeh

Shops:
D:3 (


Innate Abilities, Weirdness & Mutations

You are very small and have problems with some larger weapons.
You are too small for most types of armour.
You have supernaturally acute eyesight. (SInv)
You cover ground extremely quickly. (Speed+++)


Message History

Found 16 gold pieces.
You see here 16 gold pieces.
You now have 130 gold pieces (gained 16).
You hit the gnoll.
The gnoll is severely wounded.
The gnoll misses you.
You hit the gnoll but do no damage.
The gnoll is severely wounded.
The gnoll barely misses you.
You hit the gnoll.
You kill the gnoll!
You see here a +0 halberd.
d - a poisoned dart
n - 40 stones (gained 1)
You see here a +0 dagger.
d - 2 poisoned darts (gained 1)
d - 3 poisoned darts (gained 1)
n - 41 stones (gained 1);
e - 2 curare-tipped darts (gained 1)
Things that are here:
a +0 spear; a gnoll corpse You see here a +0 dagger.
You open the door.
Found a sparkling altar of Nemelex Xobeh.
There is an open door here.
You start waiting.
Done waiting.
There is a sparkling altar of Nemelex Xobeh here.
You open the door.
There is an open door here.
Found a helmet.
Found a stone staircase leading down.
You hit the wight but do no damage.
The wight hits you with a +2 hand axe of flaming!
The wight burns you.
You completely miss the wight. The wight barely misses you.
You barely miss the wight. You punch the wight, but do no damage.
The wight hits you with a +2 hand axe of flaming!
Ouch! That really hurt!
* * * LOW HITPOINT WARNING * * *
You feel drained.
You die...

#........#
.........
.....[...
.......### .....
.># ##..# #.#
#z..###.#######
#........z@.#
##...######.#
####.........# ..
##.#'#..#######
..# #._.###..#
...###.#'#...#
#..#####....#
#...###..)..#
#.#..#.....#######


You could see a wight.

Vanquished Creatures
  Jessica (D:2)
  2 gnolls (D:3)
  4 adders (D:2)
  A worm (D:2)
  A dart slug (D:1)
  A giant cockroach (D:2)
  3 hobgoblins
  A quokka (D:3)
  5 ball pythons
  2 bats
  2 frilled lizards (D:2)
  4 goblins
  6 kobolds
  A rat (D:2)
34 creatures vanquished.

Notes
Turn   | Place    | Note
-------+----------+-------------------------------------------
     0 | D:1      | styxcanada the Spriggan Brigand began the quest for the
                  | Orb.
     0 | D:1      | Reached XP level 1. HP: 10/10 MP: 2/2
    22 | D:1      | Reached skill level 6 in Stealth
   421 | D:1      | Found a faded altar of an unknown god.
   680 | D:2      | Reached XP level 2. HP: 14/14 MP: 3/3
   853 | D:2      | Reached skill level 7 in Stealth
   985 | D:2      | Reached XP level 3. HP: 18/18 MP: 4/4
  1170 | D:2      | Noticed Jessica
  1178 | D:2      | Killed Jessica
  1179 | D:2      | Reached XP level 4. HP: 23/23 MP: 5/5
  1315 | D:2      | Reached skill level 8 in Stealth
  1506 | D:3      | Found Quasmywka's Weapon Shop.
  1905 | D:3      | Found a sparkling altar of Nemelex Xobeh.
  2031 | D:3      | Slain by a wight

Illustrated notes

Levels and vault maps discovered:
D:1:      dpeg_arrival_rhombus, layout_rooms,
          shapermc_ecumenical_altar_totnotflames, corexii_corridor_pit,
          grunt_decor_cap
D:2:      layout_basic, uniq_jessica
D:3:      layout_basic, nemelex_diamond_rough_becter, serial_shops, shop

Skill      XL: |  1  2  3  4 |
---------------+-------------+-----
Stealth        | 6 7 8 |  8.3
Dodging        | 2 |  2.2
Fighting       | |  1.9
Short Blades   | |  2.6
Throwing       | |  2.3

Action                   |  1- 3 |  4- 6 || total
-------------------------+-------+-------++-------
Melee: Dagger            |    37 |    33 ||    70
       Punch             |       |     1 ||     1
Throw: Dart              |    12 |    18 ||    30
       Stone             |       |     2 ||     2
 Stab: Sleeping          |     7 |     7 ||    14
Armor: Robe              |     5 |     2 ||     7
Dodge: Dodged            |    27 |    14 ||    41
